AoeStats
← ivcrk826

Nomad

506156543Analyzed
4v4 RM · 20d ago on Sep 12, 2026· 61m 15s· 8 players
Game mode
Random Map
Map size
231×231
Population
200
Speed
Normal
Resources
Standard
Victory
Conquest
Starting age
Dark Age
Ending age
Imperial Age
RankedLock teamsTeams togetherTeam positionsShared explorationLock speedFull tech treeHidden civsTurbo modeCheats
Victory
Defeat
🇻🇳 Magyars · Vietnam
1448
+16
🇦🇷 Persians · Argentina
1437
+16
🇨🇳 Dravidians · China
1399
+18
🇲🇽 Spanish · Mexico
1394
+18
🇺🇿 Italians · Uzbekistan
1463
-19
🇦🇷 Malians · Argentina
1463
-18
🇺🇸 Vikings · United States
1443
-17
🇮🇳 Dravidians · India
1380
-14
Sastre ᴿˢ-
12:35 Feudal Age
13:16 Loom
16:42 Castle Age
15:27 Fletching
25:22 Double-Bit Axe
26:59 Bodkin Arrow
30:12 Bloodlines
31:21 Scale Barding Armor
32:26 Wheelbarrow
33:42 Chain Barding Armor
33:38 Horse Collar
35:38 Forging
40:14 Imperial Age
39:25 Padded Archer Armor
39:25 Elite Skirmisher
40:42 Bow Saw
40:17 Cavalier
41:01 Bracer
42:12 Leather Archer Armor
42:37 Conscription
42:57 Plate Barding Armor
42:58 Ballistics
42:19 Paladin
44:08 Ring Archer Armor
46:51 Iron Casting
46:50 Light Cavalry
47:30 Husbandry
48:33 Blast Furnace
47:26 Gold Mining
48:37 Two-Man Saw
47:39 Heavy Plow
47:54 Hussar
49:12 Hand Cart
51:03 Chemistry
50:59 Town Watch
61:07 Murder Holes
61:33 Bombard Tower
ivcrk826
5:01 Loom
13:31 Feudal Age
15:12 Double-Bit Axe
17:42 Castle Age
17:47 Forging
18:20 Medium Warships
22:06 Horse Collar
28:05 Fletching
28:58 Bodkin Arrow
29:32 Elite Skirmisher
30:15 Padded Archer Armor
32:24 Leather Archer Armor
33:07 Bow Saw
32:34 Elite Skirmisher
42:04 Imperial Age
43:51 Ballistics
47:45 Chemistry
49:45 Light Cavalry
51:17 Bloodlines
52:08 Scale Barding Armor
53:22 Chain Barding Armor
57:18 Plate Barding Armor
61:09 Wheelbarrow
ost.nostalgia
4:27 Loom
13:23 Feudal Age
14:29 Double-Bit Axe
14:43 Fishing Lines
16:36 Town Watch
18:57 Castle Age
19:56 Bow Saw
20:50 Scale Barding Armor
20:49 Gillnets
21:23 Corvinian Army
22:10 Chain Barding Armor
24:05 Husbandry
24:16 Bloodlines
25:36 Wheelbarrow
24:46 Town Watch
26:02 Medium Warships
28:40 Fletching
30:06 Bodkin Arrow
31:04 Horse Collar
36:46 Imperial Age
35:45 Hand Cart
37:02 Thumb Ring
37:33 Bracer
38:54 Padded Archer Armor
39:21 Ballistics
40:02 Chemistry
42:24 Siege Engineers
43:13 Plate Barding Armor
43:32 Parthian Tactics
43:45 Conscription
45:25 Leather Archer Armor
46:39 Recurve Bow
47:12 Ring Archer Armor
48:32 Elite Magyar Huszar
50:13 Heavy Cavalry Archer
Himekaido_LiSA
6:13 Loom
13:26 Feudal Age
14:14 Double-Bit Axe
16:13 Gold Mining
17:17 Town Watch
23:25 Castle Age
22:59 Stone Mining
25:44 Bow Saw
26:46 Fletching
27:17 Fishing Lines
28:26 Gillnets
28:55 Bodkin Arrow
36:25 Imperial Age
36:24 Ballistics
37:30 Conscription
37:22 Bracer
39:32 Chemistry
39:29 Elite Elephant Archer
41:41 Thumb Ring
41:57 Padded Archer Armor
43:17 Elite Skirmisher
44:18 Leather Archer Armor
47:44 Conscription
49:28 Elite Urumi Swordsman
50:20 Scale Mail Armor
50:30 Forging
49:53 Man-at-Arms
50:45 Long Swordsman
52:13 Chain Mail Armor
51:54 Gambesons
52:10 Squires
51:32 Two-Handed Swordsman
52:06 Horse Collar
52:23 Champion
53:50 Plate Mail Armor
54:22 Arson
57:27 Elite Cannon Galleon
"Real Friendly" new player
4:39 Loom
14:59 Feudal Age
16:20 Fishing Lines
16:36 Double-Bit Axe
19:11 Castle Age
17:31 Stone Mining
17:34 Gold Mining
18:35 Fletching
20:27 Town Watch
20:57 Bow Saw
20:41 Gillnets
25:05 Bodkin Arrow
25:11 Padded Archer Armor
26:27 Elite Skirmisher
26:28 Crossbowman
27:25 Leather Archer Armor
31:02 Pikeman
36:03 Imperial Age
35:21 Chieftains
35:30 Squires
36:16 Scale Mail Armor
36:27 Forging
36:57 Ballistics
37:15 Conscription
36:30 Arbalester
39:10 Chemistry
39:12 Bracer
39:44 Ring Archer Armor
40:42 Chain Mail Armor
41:02 Iron Casting
42:05 Coinage
43:57 Plate Mail Armor
44:27 Siege Engineers
44:38 Masonry
44:09 Horse Collar
45:57 Heavy Plow
46:58 Two-Man Saw
46:34 Gold Shaft Mining
47:10 Banking
47:10 Bogsveigar
48:12 Blast Furnace
46:37 Man-at-Arms
47:02 Gambesons
50:15 Long Swordsman
50:47 Two-Handed Swordsman
51:36 Champion
52:54 Elite Berserk
Mezsar
4:46 Loom
13:59 Feudal Age
15:14 Wheelbarrow
14:38 Double-Bit Axe
17:58 Castle Age
16:15 Gold Mining
17:42 Fletching
18:57 Hand Cart
18:54 Bow Saw
18:57 Medium Warships
19:19 Bodkin Arrow
24:10 Ballistics
24:17 Stone Mining
26:18 Fishing Lines
30:38 Imperial Age
29:25 Clinker Construction
30:51 Gillnets
30:53 Pikeman
32:11 Conscription
32:18 Heavy Warships
32:16 Forging
31:33 Halberdier
33:47 Scale Mail Armor
34:23 Iron Casting
35:17 Squires
35:02 Arson
36:31 Chain Mail Armor
36:30 Thumb Ring
36:34 Bracer
37:18 Padded Archer Armor
38:24 Chemistry
38:14 Elite Elephant Archer
39:59 Leather Archer Armor
41:06 Plate Mail Armor
41:37 Blast Furnace
40:54 Medical Corps
44:03 Ring Archer Armor
45:38 Elite Skirmisher
46:36 Husbandry
46:43 Scale Barding Armor
47:19 Wootz Steel
51:03 Elite Urumi Swordsman
Juanki
5:07 Loom
14:44 Feudal Age
15:31 Double-Bit Axe
22:12 Castle Age
21:02 Wheelbarrow
21:40 Gold Mining
23:28 Bow Saw
40:19 Masonry
41:50 Husbandry
44:49 Imperial Age
44:04 Bloodlines
44:23 Scale Barding Armor
44:29 Forging
44:51 Forging
45:29 Chain Barding Armor
45:22 Heavy Camel Rider
46:29 Light Cavalry
49:25 Iron Casting
54:50 Hand Cart
54:20 Town Watch
57:23 Plate Barding Armor
58:51 Farimba
karbid
5:12 Loom
6:33 Loom
6:41 Loom
12:18 Feudal Age
16:45 Castle Age
20:01 Double-Bit Axe
20:04 Horse Collar
24:50 Imperial Age
22:38 Fletching
23:21 Bodkin Arrow
26:45 Wheelbarrow
27:55 Bracer
29:24 Padded Archer Armor
31:58 Ballistics
32:41 Chemistry
33:33 Leather Archer Armor
34:02 Town Watch
34:49 Ring Archer Armor
35:42 Town Watch
38:11 Bow Saw
38:07 Heavy Plow
48:04 Hand Cart
51:49 Elite Genoese Crossbowman
56:42 Hoardings
57:31 Gold Mining
Connection lost

Rejoining the realm…

Still unreachable

The connection could not be restored.

Session expired

The server has moved on; the page needs a fresh start.